 Dungeon Crawl Stone Soup version 0.30-a0-1116-gebefce21f7 (webtiles) character file.

Game seed: 13196392803254720639

364 OrthodoxDeviant the Trooper (level 6, -7/56 HPs)
             Began as a Ghoul Gladiator on Apr 20, 2023.
             Splashed by a jelly's acid (8 damage)
             ... on level 4 of the Dungeon on Apr 21, 2023.
             The game lasted 00:05:11 (2679 turns).

OrthodoxDeviant the Trooper (Ghoul Gladiator)       Turns: 2679, Time: 00:05:12

Health: -7/56      AC: -2    Str: 26    XL:     6   Next: 67%
Magic:  5/5        EV: 11    Int:  3    God:
Gold:   229        SH:  0    Dex: 10    Spells: 5/5 levels left

rFire   . . .      SeeInvis .    a - +0 war axe
rCold   + . .      Faith    .    (no shield)
rNeg    + + +      Spirit   .    j - +0 ring mail
rPois   ∞          Reflect  .    c - +0 helmet
rElec   .          Rampage  .    (no cloak)
rCorr   .                        (no gloves)
Will    .....                    (no boots) Stlth
                                 (no amulet)
HPRegen 0.00/turn                v - +6 ring of strength
MPRegen 0.09/turn                (no ring)

@: weak-willed, corroded, inhibited regen
A: claws 1, cold resistance 1, negative energy resistance 3, inhibited
regeneration, torment resistance 2, devour on kill
a: no special abilities


You were on level 4 of the Dungeon.
You visited 1 branch of the dungeon, and saw 4 of its levels.

You collected 229 gold pieces.

Inventory:

Hand Weapons
 a - a +0 war axe (weapon)
Missiles
 d - 2 throwing nets (quivered)
 e - a javelin
Armour
 b - a +0 leather armour
 c - a +0 helmet (worn)
 j - a +0 ring mail (worn)
Jewellery
 v - a +6 ring of strength (left claw)
Wands
 t - a wand of roots (13)
 w - a wand of digging (3)
Scrolls
 f - a scroll of immolation {unknown}
 i - a scroll of magic mapping {unknown}
 k - 2 scrolls of vulnerability
 m - 2 scrolls of amnesia
 n - a scroll of teleportation {unknown}
 p - a scroll of noise {unknown}
 q - 2 scrolls of identify {unknown}
 r - 2 scrolls of fog {unknown}
 s - a scroll of torment {unknown}
Potions
 g - a potion of heal wounds {unknown}
 h - a potion of invisibility {unknown}
 l - a potion of degeneration {unknown}
 o - 2 potions of mutation {unknown}
 u - a potion of haste {unknown}


   Skills:
 + Level 5.5 Fighting
 + Level 5.0 Axes
 - Level 1.7 Throwing
 - Level 2.6 Dodging


You had 5 spell levels left.
You didn't know any spells.
Your spell library was empty.

Dungeon Overview and Level Annotations

Branches:
Dungeon (4/15)
 Temple: D:4-7

Altars:
Yredelemnul

Shops:
D:4 [


Innate Abilities, Weirdness & Mutations

You are immune to poison.
You have sharp fingernails.
Your flesh is cold resistant. (rC+)
You are immune to negative energy. (rN+++)
You do not regenerate when monsters are visible.
You are immune to unholy pain and torment.
You thrive by killing the living.


Message History

You barely miss the gnoll. The gnoll closely misses you.
The gnoll hits you with a +0 spear.
You barely miss the gnoll. The gnoll closely misses you.
You hit the gnoll but do no damage. The gnoll closely misses you.
You hit the gnoll.
The gnoll is lightly wounded.
The gnoll hits you with a +0 spear.
You slash the gnoll!
You kill the gnoll!
The jelly hits you but does no damage.
You hit the jelly but do no damage. The acid corrodes you!
Your claws burn!
The jelly barely misses you.
You hit the jelly but do no damage.
Your claws burn!
The jelly closely misses you.
You barely miss the jelly. The jelly hits you but does no damage.
You barely miss the jelly. The jelly hits you. The acid corrodes you!
You are splashed with acid!
The jelly barely misses you.
You hit the jelly but do no damage.
Your claws burn!
The jelly barely misses you.
You hit the jelly but do no damage.
Your claws burn!
The jelly hits you.
You are splashed with acid!
* * * LOW HITPOINT WARNING * * *
You hit the jelly but do no damage.
Your claws burn!
* * * LOW HITPOINT WARNING * * *
The jelly barely misses you.
You hit the jelly but do no damage.
Your claws burn!
* * * LOW HITPOINT WARNING * * *
The jelly misses you. The jelly barely misses you.
You hit the jelly but do no damage.
Your claws burn!
* * * LOW HITPOINT WARNING * * *
The jelly closely misses you.
As you read the scroll labelled HONGUTE ORIKE, it crumbles to dust.
Magic quickly surges around you.
It was a scroll of vulnerability.
The jelly closely misses you.
As you read the scroll labelled VUETOO QENIN, it crumbles to dust.
It is a scroll of amnesia.
You feel forgetful for a moment. The jelly hits you.
* * * LOW HITPOINT WARNING * * *
You are splashed with acid!
You die...

##.## ##.#†## ####
#####.###.#######.. ..# ..
##.................#### ..#...
.......#.#..######....# ..#..#
##.##.....#.# #......# ......
##.##..#....# #.#.##.##...#
##.....####.# #.#......>#
####..[####.####@#...J..# .
...............#.J..#...#######..
####.#####.....#.###...##........
####<#####.......# ####...)......
#.......##.....#.# ###........
#.##.##.##.....##.# #######.. #
##.##.##.##### ## .# #
#..##.##.§#######§ ##
#.#.###.##.§§.§§§§§§


You could see a jelly (weak-willed).

Vanquished Creatures
  Sigmund (D:3)
  Robin (D:3)
  5 gnolls
  4 adders
  2 worms (D:3)
  A dart slug (D:3)
  6 bats
  8 endoplasms
  8 giant cockroaches (D:1)
  11 hobgoblins
  2 jackals (D:1)
  2 quokkas
  8 ball pythons
  2 frilled lizards (D:1)
  18 goblins
  4 kobolds
  7 rats
90 creatures vanquished.

Notes
Turn   | Place    | Note
-------+----------+-------------------------------------------
     0 | D:1      | OrthodoxDeviant the Ghoul Gladiator began the quest for the
                  | Orb.
     0 | D:1      | Reached XP level 1. HP: 17/17 MP: 0/0
     6 | D:1      | Found a runed translucent door.
   104 | D:1      | Reached XP level 2. HP: 25/25 MP: 1/1
   304 | D:1      | Reached XP level 3. HP: 31/31 MP: 2/2
   794 | D:2      | Reached XP level 4. HP: 33/39 MP: 3/3
  1434 | D:2      | Reached XP level 5. HP: 46/46 MP: 4/4
  1838 | D:3      | Noticed Sigmund
  1859 | D:3      | Killed Sigmund
  1860 | D:3      | Reached skill level 5 in Fighting
  1860 | D:3      | Reached XP level 6. HP: 41/56 MP: 5/5
  2170 | D:3      | Noticed Robin
  2199 | D:3      | Killed Robin
  2200 | D:3      | Reached skill level 5 in Axes
  2235 | D:3      | Found a basalt altar of Yredelemnul.
  2443 | D:3      | Upgraded the game from 0.30-a0-1114-gd936c97349 to
                  | 0.30-a0-1116-gebefce21f7
  2604 | D:4      | Found Nuhof's Armour Emporium.
  2679 | D:4      | HP: 1/56 [jelly (3)]
  2679 | D:4      | Splashed by a jelly's acid

Illustrated notes

Levels and vault maps discovered:
D:1:      dpeg_arrival_caged_fury, layout_rooms, minmay_worlds_worst_comb
D:2:      cheibrodos_greedy_goblins, layout_rooms,
          nicolae_concentric_dashed_squares_wild
D:3:      layout_basic, kennysheep_ying_yang, uniq_robin, uniq_sigmund
D:4:      layout_loops_cross, mainiacjoe_overflow_boulevard,
          beargit_hepliaklqana_dungeon_heroes, mainiacjoe_overflow_catwalk,
          tgw_fedhas, minmay_temple_entry_glass, serial_shops, shop,
          minmay_misc_feat_x

Skill      XL: |  1  2  3  4  5  6 |
---------------+-------------------+-----
Axes           | 3 4 5 |  5.0
Fighting       | 3 4 5 |  5.5
Throwing       | |  1.7
Dodging        | |  2.6

Action                     |  1- 3 |  4- 6 || total
---------------------------+-------+-------++-------
  Melee: War axe           |   119 |   142 ||   261
  Throw: Throwing net      |       |     2 ||     2
    Use: Scroll            |       |     2 ||     2
 Armour: Leather armour    |     4 |       ||     4
         Ring mail         |    63 |    42 ||   105
  Dodge: Dodged            |    75 |   107 ||   182

Table legend: (Time is in decaauts)
 A = Elapsed time spent in this place.
 B = Non-inter-level travel time spent in this place.
 C = Inter-level travel time spent in this place.
 D = Time resting spent in this place.
 E = Time spent auto-exploring this place.
 F = Levels seen in this place.
 G = Mean time per level.
                   A        B        C        D        E       F      G
               +--------+--------+--------+--------+--------+-----+--------+
         Total |   2761 |   2478 |    283 |    167 |   1638 |   4 |  690.2 |
       Dungeon |   2761 |   2478 |    283 |    167 |   1638 |   4 |  690.2 |
               +--------+--------+--------+--------+--------+-----+--------+

Top non-repeatable levels by time:
     D:3: 972 daAuts
     D:2: 854 daAuts
     D:1: 787 daAuts
     D:4: 146 daAuts
